 Dungeon Crawl Stone Soup version 0.17.0-28-g6e173f8 (webtiles) character file.

71363 septik the Impaler (level 15, -15/125 HPs)
             Began as a Merfolk Abyssal Knight on Nov 29, 2015.
             Was the Champion of Lugonu.
             Demolished by a storm dragon (17 damage)
             ... on level 13 of the Dungeon on Nov 30, 2015.
             The game lasted 01:36:03 (24938 turns).

septik the Impaler (Merfolk Abyssal Knight)        Turns: 24938, Time: 01:36:04

Health: -15/125    AC: 22    Str: 14    XL:     15   Next: 36%
Magic:  31/31      EV: 16    Int: 16    God:    Lugonu [******]
Gold:   2402       SH:  0    Dex: 22    Spells: 0 memorised, 14 levels left

rFire  + . .     SeeInvis .     H - +9 quarterstaff of Ciluseapp {crush, Dex+4}
rCold  . . .     Clarity  .     X - +0 chain mail of the Gusle {rElec MP+9 Dex-5 Slay+6}
rNeg   + . .     SustAt   .     (shield currently unavailable)
rPois  +         Gourm    .     t - +2 helmet
rElec  +         Spirit   .     U - +1 cloak
rCorr  .         Warding  .     W - +2 pair of gloves
rMut   .         Stasis   .     r - +1 pair of boots of Cowardice {rPois rF+ rN+ Int+4}
MR     +....                    K - amulet of regeneration
Stlth  ..........               N - +5 ring of dexterity
                                o - +3 ring of protection

@: manticore barbs, very slightly contaminated, somewhat resistant to hostile
enchantments, extremely unstealthy
A: change form in water, swift swim
a: Depart the Abyss, Bend Space, Banish, Corrupt, Enter the Abyss, Brand Weapon
With Distortion, Renounce Religion


You were on level 13 of the Dungeon.
You worshipped Lugonu.
Lugonu was exalted by your worship.
You were not hungry.

You visited 3 branches of the dungeon, and saw 25 of its levels.
You visited the Abyss 1 time.
You also visited: Labyrinth, Sewer and Volcano.

You collected 3176 gold pieces.
You spent 774 gold pieces at shops.

Inventory:

Hand Weapons
 b - the +3 blowgun of Righteous Anger {speed, rPois Int+4}
   (You found it in a labyrinth)

   Attacks with this weapon are significantly faster.
   It affects your intelligence (+4).
   It protects you from poison.
 w - a +0 glaive of chopping
 H - the +9 quarterstaff of Ciluseapp (weapon) {crush, Dex+4}
   (You found it on level 5 of the Dungeon)

   It inflicts extra damage upon your enemies.
   It affects your dexterity (+4).
 I - a +2 halberd of flaming
Missiles
 h - 657 stones (quivered)
 l - 110 poisoned needles
 O - 3 curare-tipped needles
Armour
 r - the +1 pair of boots of Cowardice (worn) {rPois rF+ rN+ Int+4}
   (You acquired it on level 8 of the Lair of Beasts)

   It affects your intelligence (+4).
   It protects you from fire.
   It protects you from poison.
   It protects you from negative energy.
 t - a +2 helmet (worn)
 M - the +6 leather armour "Ruowkig" {Int+2 Dex+2 Stlth+}
   (You bought it in a shop on level 6 of the Dungeon)

   It affects your intelligence (+2).
   It affects your dexterity (+2).
   It makes you more stealthy.
 U - a +1 cloak (worn)
 W - a +2 pair of gloves (worn)
 X - the +0 chain mail of the Gusle (worn) {rElec MP+9 Dex-5 Slay+6}
   (You found it on level 10 of the Dungeon)

   It affects your dexterity (-5).
   It affects your accuracy and damage with ranged weapons and melee attacks
   (+6).
   It insulates you from electricity.
   It affects your magic capacity (+9).
Jewellery
 o - a +3 ring of protection (left hand)
 q - an uncursed amulet of resist mutation {unknown}
 y - the ring of Adeerr {+/*Tele Dex+6 Stlth+, unknown}
   (You found it on level 13 of the Dungeon)

   [ring of teleportation]

   It may teleport you to nearby monsters, and can be evoked to randomly
   teleport.
   It affects your dexterity (+6).
   It makes you more stealthy.
 E - an uncursed ring of protection from magic
 J - an uncursed ring of protection from cold
 K - an amulet of regeneration (around neck)
 N - a +5 ring of dexterity (right hand)
Wands
 a - a wand of flame (16)
 g - a wand of disintegration (12)
 x - a wand of lightning (8)
 z - a wand of paralysis (10)
 C - a wand of heal wounds (3)
 F - a wand of disintegration (3)
 R - a wand of teleportation (9)
Scrolls
 d - 7 scrolls of identify
 f - a scroll of amnesia
 j - 10 scrolls of teleportation
 n - a scroll of holy word
 p - a scroll of enchant armour
 u - 5 scrolls of fog
 G - 4 scrolls of blinking
 P - 5 scrolls of remove curse
Potions
 e - 4 potions of might
 i - 9 potions of curing
 k - 5 potions of heal wounds
 m - 4 potions of agility
 L - a potion of cancellation
 T - 3 potions of haste
 V - a potion of resistance
Comestibles
 c - 15 bread rations
 s - 14 fruits
 v - 2 slices of pizza


   Skills:
 + Level 13.9 Fighting
 + Level 19.8 Polearms
 + Level 9.1 Throwing
 * Level 2.5 Armour
 + Level 16.0 Dodging
 - Level 10.1 Invocations


You had 14 spell levels left.
You didn't know any spells.

Dungeon Overview and Level Annotations

Branches:
Dungeon (13/15)            Temple (0/1) D:5            Lair (8/8) D:10
 Spider (0/4) Lair:4        Slime (0/6) Lair:7          Orc (4/4) D:11
    Elf (0/3) Orc:4
  Swamp: Lair:3-6    Shoals: Lair:3-6    Vaults: D:13-14

Altars:
Ashenzari
Cheibriados
Elyvilon
Fedhas
Gozag
Okawaru
Trog
Vehumet
The Shining One
Beogh
Jiyva

Shops:
D:5 }   D:6 *   Orc:2 [   Orc:4 :(*[*

Annotations:
D:7 exclusion: statue
D:8 Psyche
D:9 AAAAA's ghost, novice OgGl
Lair:5 exclusion: oklob plant
Lair:6 PeterLawrence's ghost, journeyman GrFi


Message History

The poisoned needle hits the storm dragon.
The storm dragon looks even sicker.
The storm dragon is severely wounded.
The storm dragon bites you!!
* * * LOW HITPOINT WARNING * * *
The storm dragon claws you.
* * * LOW HITPOINT WARNING * * *
The storm dragon tramples you but does no damage.
Wield which item (- for none, * to show all)? (? for menu, Esc to quit)
H - the +9 quarterstaff of Ciluseapp (weapon)
{crush, Dex+4} The eye of devastation changes into a hill giant!
You sock the storm dragon!
The storm dragon is severely wounded.
The hill giant changes into a slime creature!
The storm dragon barely misses you. The storm dragon claws you!
* * * LOW HITPOINT WARNING * * *
The storm dragon tramples you but does no damage.
The storm dragon closely misses you. x2
The storm dragon tramples you!
You die...

#......#.....#....(..#.........
#......#.....#...)..##.).##....
#......#.....#......###'###....
#......#)....#.......#.(.......
#####'###.....#.......#.........
#.............#.......#........>
#.............#)..(..##...##....
#.............#......##...# ....
#...........).#@.....#..... ...
#.............#D########### ##
#..........<..##..#
#.............##(.####
#.............####H..#
#.............# #...#
#.............# #...#####
#.............# ####JyD.#
.............# #..a.#


You could see a storm dragon (berserk), a slime creature shaped shifter and a
manticore.

Vanquished Creatures
  An orc warlord (Orc:4)
  A red draconian (Volcano)
  Erolcha (D:11)
  A minotaur (Lab)
  8 hydras
  A centaur warrior (D:13)
  2 death yaks (Lair:8)
  The ghost of septik the Cruncher, a journeyman GrGl of Okawaru (D:12)
  An unseen horror (D:11)
  A hill giant (D:13)
  5 orc sorcerers (Orc:4)
  4 orc knights (Orc:4)
  4 cyclopes
  The ghost of lorenzova the Destroyer, a novice DECj of Vehumet (D:7)
  A manticore (D:13)
  An ugly thing (D:13)
  12 elephants
  An elephant (shapeshifter) (D:13)
  Maurice (D:11)
  Joseph (D:9)
  2 gargoyles
  2 torpor snails
  9 black mambas
  A kobold demonologist (D:13)
  11 spiny frogs
  4 fire drakes
  A queen bee (Lair:1)
  8 komodo dragons
  7 trolls
  A merfolk (D:10)
  A polar bear (Lair:5)
  19 blink frogs
  Grinder (D:5)
  A slime creature (D:13)
  2 boulder beetles
  Prince Ribbit (D:8)
  A giant leech (Lair:5)
  2 two-headed ogres
  2 deep elf magi (D:10)
  4 trapdoor spiders (Lair:4)
  54 yaks
  A wyvern (D:13)
  4 fire bats (Volcano)
  A deep elf fighter (Volcano)
  A wraith (D:11)
  5 basilisks
  A centaur simulacrum (D:13)
  Grum (D:8)
  2 hungry ghosts (D:11)
  2 mottled dragons (D:13)
  12 hippogriffs
  4 wolves (D:8)
  3 wargs
  6 porcupines
  11 water moccasins
  2 black bears
  4 ice beasts
  3 sky beasts
  A necrophage (D:9)
  10 ogres
  24 orc warriors
  2 phantoms (D:11)
  A swamp drake (Lair:6)
  16 crocodiles
  6 centaurs
  22 giant frogs
  A wyvern zombie (D:13)
  2 wyvern skeletons
  5 scorpions
  3 troll zombies (D:11)
  2 spriggan skeletons (Lab)
  A water moccasin skeleton (D:9)
  25 killer bees (Lair:1)
  4 wights (D:6)
  A troll skeleton (Lab)
  4 crimson imps
  7 lava snakes (Volcano)
  2 centaur skeletons
  3 jellies
  2 giant frog zombies
  4 centaur zombies
  A wasp zombie (D:7)
  A gnoll shaman (D:9)
  23 orc priests
  6 hounds
  19 orc wizards
  A giant frog skeleton (D:5)
  6 iguanas
  8 worker ants
  5 ogre zombies (D:11)
  A killer bee zombie (D:5)
  27 sheep
  A hound zombie (D:8)
  An ogre skeleton (Lab)
  A hound skeleton (D:5)
  2 worker ant zombies
  Robin (D:3)
  13 gnolls
  11 adders
  72 river rats
  2 shadow imps
  6 oozes
  5 worms
  7 giant geckos
  174 orcs
  6 hobgoblins
  15 jackals
  5 kobolds
  7 quokkas
  5 ball pythons
  15 bats
  9 giant cockroaches
  A giant cockroach zombie (D:5)
  A giant gecko skeleton (D:5)
  9 giant newts
  24 goblins
  A goblin zombie (D:11)
  A hobgoblin skeleton (D:11)
  3 hobgoblin zombies (D:11)
  A jackal skeleton (D:5)
  2 orc skeletons (D:11)
  18 orc zombies (D:11)
  A quokka skeleton (D:7)
  9 rats
921 creatures vanquished.

Vanquished Creatures (collateral kills)
  3 yaks (Lair:8)
3 creatures vanquished.

Vanquished Creatures (others)
  A quokka (D:6)
  11 fungi
  5 plants
17 creatures vanquished.

Grand Total: 941 creatures vanquished

Notes
Turn   | Place    | Note
--------------------------------------------------------------
     0 | Abyss:1  | septik the Merfolk Abyssal Knight began the quest for the Orb.
     0 | Abyss:1  | Reached XP level 1. HP: 18/18 MP: 2/2
     0 | Abyss:1  | Found a corrupted altar of Lugonu.
     8 | D:1      | Escaped the Abyss
   177 | D:1      | Reached XP level 2. HP: 6/24 MP: 3/3
   187 | D:1      | Reached skill level 4 in Polearms
   955 | D:1      | Reached XP level 3. HP: 29/29 MP: 4/4
  1102 | D:2      | Reached skill level 5 in Polearms
  1164 | D:2      | Reached ** piety under Lugonu
  1454 | D:2      | Reached skill level 6 in Polearms
  1454 | D:2      | Reached XP level 4. HP: 19/35 MP: 5/5
  1830 | D:3      | Noticed Robin
  1832 | D:3      | Reached *** piety under Lugonu
  2171 | D:3      | Killed Robin
  2171 | D:3      | Reached skill level 7 in Polearms
  2235 | D:3      | Found an opulent altar of Gozag.
  2249 | D:3      | Reached XP level 5. HP: 41/41 MP: 6/6
  2491 | D:3      | Reached skill level 8 in Polearms
  2522 | D:3      | Found a snail-covered altar of Cheibriados.
  3174 | D:4      | Reached XP level 6. HP: 25/48 MP: 7/7
  3371 | D:4      | Reached **** piety under Lugonu
  3394 | D:4      | Found a glowing drain.
  3403 | Sewer    | Entered a sewer
  3931 | D:4      | Reached ***** piety under Lugonu
  4449 | D:5      | Entered Level 5 of the Dungeon
  4514 | D:5      | Reached XP level 7. HP: 47/55 MP: 8/8
  4554 | D:5      | Reached skill level 5 in Fighting
  4554 | D:5      | Reached skill level 9 in Polearms
  4728 | D:5      | Reached skill level 5 in Dodging
  4998 | D:5      | Found Dorrunaf's Gadget Emporium.
  5191 | D:5      | Found a shattered altar of Ashenzari.
  5226 | D:5      | Noticed Grinder
  5249 | D:5      | Killed Grinder
  5249 | D:5      | Reached skill level 10 in Polearms
  5249 | D:5      | Reached XP level 8. HP: 45/64 MP: 9/9
  5444 | D:5      | Found a staircase to the Ecumenical Temple.
  5454 | D:5      | Got a bloodstained quarterstaff
  5455 | D:5      | Identified the +9 quarterstaff of Ciluseapp {crush, Dex+4} (You found it on level 5 of the Dungeon)
  5555 | D:5      | Found a glowing golden altar of the Shining One.
  6088 | D:6      | Reached skill level 11 in Polearms
  6111 | D:6      | Reached XP level 9. HP: 55/72 MP: 10/10
  6135 | D:6      | Found Atazoxyach's Assorted Antiques.
  6138 | D:6      | Bought a bloodstained leather armour for 161 gold pieces
  6148 | D:6      | Identified the +6 leather armour "Ruowkig" {Int+2 Dex+2 Stlth+} (You bought it in a shop on level 6 of the Dungeon)
  6184 | D:6      | Found a white marble altar of Elyvilon.
  6623 | D:7      | Found a radiant altar of Vehumet.
  6652 | D:7      | Noticed lorenzova's ghost (novice DECj)
  6659 | D:7      | Killed lorenzova's ghost
  6937 | D:7      | Reached skill level 12 in Polearms
  7429 | D:8      | Noticed Psyche
  7462 | D:8      | Found a bloodstained altar of Trog.
  7505 | D:8      | Noticed Prince Ribbit
  7543 | D:8      | Noticed Grum
  7548 | D:8      | Reached skill level 10 in Dodging
  7548 | D:8      | Reached XP level 10. HP: 59/82 MP: 11/11
  7566 | D:8      | Killed Grum
  7617 | D:8      | Killed Prince Ribbit
  8034 | D:9      | Noticed AAAAA's ghost (novice OgGl)
  8078 | D:8      | Reached skill level 10 in Fighting
  8525 | D:9      | Noticed Joseph
  8538 | D:9      | Killed Joseph
  8881 | D:10     | Entered Level 10 of the Dungeon
  9004 | D:10     | Reached XP level 11. HP: 91/93 MP: 12/12
  9095 | D:10     | Reached ****** piety under Lugonu
  9233 | D:10     | Reached skill level 13 in Dodging
  9415 | D:10     | Got a fine chain mail
  9522 | D:10     | Found a staircase to the Lair.
  9875 | Lair:1   | Entered Level 1 of the Lair of Beasts
 10186 | Lair:1   | Reached skill level 14 in Dodging
 10814 | Lair:2   | Identified the +0 chain mail of the Gusle {rElec MP+9 Dex-5 Slay+6} (You found it on level 10 of the Dungeon)
 10831 | Lair:2   | Found an iron altar of Okawaru.
 10946 | Lair:2   | Identified a scroll of acquirement
 10947 | Lair:2   | Got a pair of slimy boots
 10958 | Lair:2   | Identified the +2 pair of boots of Gluttony {Int+6} (You acquired it on level 2 of the Lair of Beasts)
 11646 | Lair:2   | Reached XP level 12. HP: 103/103 MP: 13/13
 11827 | Lair:3   | Reached skill level 15 in Dodging
 11967 | Lair:3   | Noticed a four-headed hydra
 11980 | Lair:3   | Killed a four-headed hydra
 12315 | Lair:4   | Found a labyrinth entrance.
 12332 | Lab      | Entered a labyrinth
 12370 | Lab      | Noticed a minotaur
 12392 | Lab      | Killed a minotaur
 12412 | Lab      | Got a brightly glowing blowgun
 12418 | Lab      | Got a bloodstained spear
 12570 | Lair:2   | Identified the +3 blowgun of Righteous Anger {speed, rPois Int+4} (You found it in a labyrinth)
 12571 | Lair:2   | Identified the +3 spear of Beogh's Hope {pierce, Dex+2} (You found it in a labyrinth)
 12595 | Lair:2   | Identified a +9 rod of the swarm (12/12) (You found it in a labyrinth)
 12881 | Lair:4   | Reached skill level 1 in Throwing
 13028 | Lair:4   | Found a hole to the Spider Nest.
 13892 | Lair:5   | Reached XP level 13. HP: 86/112 MP: 16/16
 14000 | Lair:5   | Noticed a six-headed hydra
 14017 | Lair:5   | Killed an eight-headed hydra
 14118 | Lair:5   | Noticed a four-headed hydra
 14138 | Lair:5   | Killed a four-headed hydra
 14138 | Lair:5   | Reached skill level 5 in Invocations
 14189 | Lair:5   | Reached skill level 15 in Polearms
 14755 | Lair:6   | Noticed PeterLawrence's ghost (journeyman GrFi)
 15283 | Lair:6   | Reached skill level 5 in Throwing
 15913 | Lair:7   | Reached skill level 16 in Polearms
 16168 | Lair:7   | Found a viscous altar of Jiyva.
 16238 | Lair:7   | Found a staircase to the Slime Pits.
 16568 | Lair:8   | Entered Level 8 of the Lair of Beasts
 16591 | Lair:8   | Got a pair of warped boots
 16602 | Lair:8   | Identified the +1 pair of boots of Cowardice {rPois rF+ rN+ Int+4} (You acquired it on level 8 of the Lair of Beasts)
 16950 | Lair:8   | Identified a cursed +3 rod of the swarm (13/13) (You found it on level 8 of the Lair of Beasts)
 17085 | Lair:8   | Reached skill level 17 in Polearms
 17412 | Lair:2   | Reached XP level 14. HP: 88/119 MP: 19/19
 18489 | Lair:8   | Reached skill level 18 in Polearms
 19278 | D:11     | Noticed Erolcha
 19294 | D:11     | Killed Erolcha
 19564 | D:11     | Noticed Maurice
 19573 | D:11     | Killed Maurice
 19657 | D:11     | Found a staircase to the Orcish Mines.
 20086 | Orc:1    | Entered Level 1 of the Orcish Mines
 20400 | Orc:1    | Found a roughly hewn altar of Beogh.
 20725 | Orc:2    | Found Fusosufi's Antique Armour Shop.
 20736 | Orc:2    | Bought a translucent scale mail for 207 gold pieces
 20746 | Orc:2    | Identified the +1 scale mail of Makhleb's Envy {Str+4} (You bought it in a shop on level 2 of the Orcish Mines)
 21689 | Orc:4    | Entered Level 4 of the Orcish Mines
 21842 | Orc:4    | Reached skill level 19 in Polearms
 21918 | Orc:4    | Found a dark tunnel.
 21938 | Orc:4    | Found Ganon's Assorted Antiques.
 21941 | Orc:4    | Noticed an orc warlord
 21942 | Orc:4    | Found Uxaxa's General Store.
 21988 | Orc:4    | Killed an orc warlord
 22022 | Orc:4    | Found Reaken's Antique Armour Shop.
 22163 | Volcano  | Entered a volcano
 22277 | Volcano  | Found a radiant altar of Vehumet.
 22540 | Orc:4    | Bought a scroll of enchant weapon for 195 gold pieces
 22552 | Orc:4    | Bought a scroll of enchant armour for 90 gold pieces
 22560 | Orc:4    | Found a staircase to the Elven Halls.
 22596 | Orc:4    | Reached XP level 15. HP: 120/125 MP: 22/22
 22816 | Orc:4    | Bought a pair of runed gloves for 121 gold pieces
 22911 | Orc:4    | Found Jafeopp's Antique Weapon Shop.
 22917 | Orc:4    | Reached skill level 10 in Invocations
 23101 | Orc:4    | Found Jukk's Book Shoppe.
 23503 | D:12     | Noticed septik's ghost (journeyman GrGl)
 23520 | D:12     | Killed septik's ghost
 23520 | D:12     | Reached skill level 1 in Armour
 24496 | D:13     | Got a faintly glowing turquoise ring
 24550 | D:13     | Found a blossoming altar of Fedhas.
 24907 | D:13     | Noticed a storm dragon
 24929 | D:13     | HP: 4/125 [storm dragon (17)]
 24938 | D:13     | HP: 2/125 [storm dragon (10)]
 24938 | D:13     | Demolished by a storm dragon

Action                   |  1- 3 |  4- 6 |  7- 9 | 10-12 | 13-15 || total
-------------------------+-------+-------+-------+-------+-------++-------
Melee: Spear             |   144 |   338 |       |       |       ||   482
       Trident           |       |    64 |   114 |       |   190 ||   368
       Quarterstaff      |       |       |   174 |   600 |   192 ||   966
       Halberd           |       |       |       |   344 |  1480 ||  1824
       Glaive            |       |       |       |       |   143 ||   143
 Fire: Blowgun           |       |       |       |       |    55 ||    55
Throw: Stone             |       |       |     2 |     7 |       ||     9
Evoke: Wand              |       |       |       |       |     1 ||     1
  Use: Scroll            |       |       |       |    30 |    14 ||    44
       Potion            |       |       |       |     1 |     3 ||     4
 Stab: Sleeping          |       |     2 |     1 |    19 |    16 ||    38
       Distracted        |       |       |     2 |     1 |     3 ||     6
  Eat: Chunk             |     2 |     8 |    10 |    27 |    48 ||    95
       Pizza             |       |     1 |       |       |     1 ||     2
       Fruit             |       |       |       |       |     1 ||     1
